 Dungeon Crawl Stone Soup version 0.25.1-11-g244df3a29b (webtiles) character file.

Game seed: 13920750629474240364

196 DeepDeath the Twirler (level 6, -1/44 HPs)
             Began as a Formicid Gladiator on Nov 13, 2023.
             Was an Initiate of Gozag.
             Slain by Menkaure (13 damage)
             ... on level 7 of the Dungeon.
             The game lasted 00:10:21 (3836 turns).

DeepDeath the Twirler (Formicid Gladiator)          Turns: 3836, Time: 00:10:22

Health: -1/44      AC:  3    Str: 19    XL:     6   Next: 4%
Magic:  6/6        EV: 12    Int:  7    God:    Gozag
Gold:   162        SH:  0    Dex: 14    Spells: 5/5 levels left

rFire    . . .     SeeInvis +   a - +2 quarterstaff
rCold    . . .     Gourm    .   (no shield)
rNeg     . . .     Faith    +   b - +0 leather armour
rPois    .         Spirit   .   (helmet unavailable)
rElec    .         Reflect  .   (no cloak)
rCorr    .         Harm     .   (no gloves)
MR       .....                  (no boots)
Stlth    +.........             i - amulet of faith
HPRegen  0.14/turn              (no ring)
MPRegen  0.10/turn              (no ring)

@: stab, very slightly contaminated, invisible
A: permanent stasis, dig shafts and tunnels, four strong arms, antennae 3
a: Dig, Shaft Self, Potion Petition, Call Merchant, Bribe Branch, Renounce
Religion


You were on level 7 of the Dungeon.
You worshipped Gozag.
Gozag was aware of your devotion.
You were not hungry.

You visited 1 branch of the dungeon, and saw 5 of its levels.

You collected 195 gold pieces.
You paid 33 gold pieces to Gozag.

Inventory:

Hand Weapons
 a - a +2 quarterstaff (weapon)
 p - a +0 spear
Missiles
 c - 2 throwing nets
 j - 52 arrows
 k - 4 boomerangs (quivered)
 m - 75 stones
 o - 17 bolts
Armour
 b - a +0 leather armour (worn)
 d - a +0 ring mail
Jewellery
 i - an amulet of faith (around neck)
Scrolls
 e - a scroll of enchant weapon
 q - 4 scrolls of remove curse
Potions
 g - 2 potions of might
 h - a potion of flight {unknown}
 l - a potion of invisibility {unknown}
 n - 2 potions of curing {unknown}
Comestibles
 f - 7 rations


   Skills:
 - Level 2.1 Fighting
 + Level 6.2 Staves
 - Level 2.0 Throwing
 - Level 2.6 Dodging


You had 5 spell levels left.
You didn't know any spells.
Your spell library was empty.

Dungeon Overview and Level Annotations

Branches:
Dungeon (4/15)             Temple (0/1) D:7

Altars:
Dithmenos
Elyvilon
Gozag
Kikubaaqudgha
Xom
The Shining One

Annotations:
D:7 Menkaure


Innate Abilities, Weirdness & Mutations

You cannot be hasted, slowed, berserked, paralysed or teleported.
You can dig through walls and to a lower floor.
Your four strong arms can wield two-handed weapons with a shield.
You have a pair of large antennae on your head. (SInv)


Message History

The bullfrog snags a nearby small bird with its tongue.
Unknown command.
Unknown command.
Unknown command.
Unknown command.
The orc is no longer distracted by gold.
Menkaure gestures ominously.
Menkaure calls on the powers of darkness!
The bullfrog convulses!
The jackal convulses!
The orc convulses!
The jackal convulses!
The orc warrior convulses!
Your body is wracked with pain!
* * * LOW HITPOINT WARNING * * *
The jackal convulses! x2; The orc convulses!
The orc priest convulses!
The jackal convulses!
The helpless orc priest fails to defend itself.
You hit the orc priest.
The orc priest is heavily wounded.
Menkaure hits you!
You die...
Your body crumbles into a pile of gold.

#########
#.......#
##.8.8.8.#
#...⌠.⌠..# # .
#..8.>h8h##.###.#
#..o@ooh........
#.8.8M8F##.....#
#...ohh.##..h###
##...o$$.......#
#####..........
#.........#
#..........
#.........#
#.........#


You could see an orc warrior, Menkaure (fast), a bullfrog, an orc priest, 3 orcs
and 5 jackals.

Vanquished Creatures
  A scorpion (D:4)
  A jelly (D:4)
  Terence (D:3)
  A worker ant (D:4)
  An adder (D:3)
  A worm (D:3)
  2 dart slugs
  3 leopard geckos
  3 orcs
  7 bats
  2 giant cockroaches
  7 goblins
  7 hobgoblins
  A jackal (D:7)
  2 quokkas
  3 kobolds
  A leopard gecko skeleton (D:4)
  8 rats
52 creatures vanquished.

Vanquished Creatures (others)
  A jackal (D:7)
1 creature vanquished.

Grand Total: 53 creatures vanquished

Notes
Turn   | Place    | Note
-------+----------+-------------------------------------------
     0 | D:1      | DeepDeath the Formicid Gladiator began the quest for the
                  | Orb.
     0 | D:1      | Reached XP level 1. HP: 16/16 MP: 1/1
   144 | D:1      | Reached XP level 2. HP: 22/22 MP: 2/2
  1141 | D:2      | Reached skill level 4 in Staves
  1141 | D:2      | Reached XP level 3. HP: 27/27 MP: 3/3
  2616 | D:3      | Found a shadowy altar of Dithmenos.
  2680 | D:3      | Found a shimmering altar of Xom.
  2841 | D:3      | Found an opulent altar of Gozag.
  2844 | D:3      | Reached XP level 4. HP: 32/33 MP: 4/4
  2869 | D:3      | Became a worshipper of Gozag Ym Sagoz the Greedy
  2924 | D:3      | Noticed Terence
  2941 | D:3      | Killed Terence
  2941 | D:3      | Reached skill level 5 in Staves
  3284 | D:3      | Found an ancient bone altar of Kikubaaqudgha.
  3300 | D:3      | Found a glowing golden altar of the Shining One.
  3302 | D:3      | Found a white marble altar of Elyvilon.
  3459 | D:4      | Reached XP level 5. HP: 38/38 MP: 5/5
  3491 | D:4      | Reached skill level 6 in Staves
  3491 | D:4      | Reached XP level 6. HP: 29/44 MP: 6/6
  3820 | D:4      | You fall into a shaft and drop 3 floors!
  3820 | D:7      | Found a staircase to the Ecumenical Temple.
  3821 | D:7      | Noticed Menkaure
  3821 | D:7      | Noticed an orc warrior
  3836 | D:7      | Slain by Menkaure

Illustrated notes

Levels and vault maps discovered:
D:1:      minmay_arrival_cross, layout_loops_ring
D:2:      layout_loops_ring, serial_co_window_serial, co_window_corner_a,
          co_window_paths_a, co_window_paths_a, co_window_corner_a,
          co_window_corner_a, co_window_of_opportunity_a,
          co_window_of_opportunity_a, co_window_of_opportunity_b,
          co_window_cross_3, co_window_cross_2, co_window_of_opportunity_b,
          co_window_paths_d, co_window_sun, glass_columns_a, glass_columns_b,
          glass_columns_a, glass_columns_a, minmay_fountain_box,
          chequers_serial_rivers_micro_c
D:3:      layout_rooms, lemuel_crystal_altar, overflow_temple_1_default,
          kiku_gazebo_garden_becter, chequers_temple_overflow_statue_of_worship,
          kennysheep_big_empty_room, roderic_roman_lattice,
          nicolae_gozag_seed_capital, uniq_terence
D:4:      layout_basic, uniq_blork_the_orc, uniq_ijyb
D:7:      layout_rooms, eat_drink_and_be_merry_uskayaw,
          minmay_temple_entry_statues_fountains,
          gammafunk_ghost_berserking_beasts, uniq_prince_ribbit1, uniq_menkaure

Skill      XL: |  1  2  3  4  5 |
---------------+----------------+-----
Staves         | 4 5 6 |  6.2
Fighting       | |  2.1
Throwing       | |  2.0
Dodging        | |  2.6

Action                   |  1- 3 |  4- 6 || total
-------------------------+-------+-------++-------
Melee: Quarterstaff      |    87 |    39 ||   126
Throw: Boomerang         |    20 |     8 ||    28
       Throwing net      |     1 |       ||     1
Invok: Potion Petition   |       |     1 ||     1
 Abil: Dig               |     1 |       ||     1
  Use: Scroll            |    11 |     1 ||    12
       Potion            |       |     3 ||     3
 Stab: Distracted        |       |     1 ||     1
       Sleeping          |       |     7 ||     7
       Invisible         |       |     2 ||     2
  Eat: Chunk             |     4 |       ||     4
       Ration            |     1 |     1 ||     2
Armor: Leather armour    |    18 |     6 ||    24
       Skin              |       |     3 ||     3
Dodge: Dodged            |    50 |    37 ||    87
